 Dungeon Crawl Stone Soup version 0.31-a0-188-g5e087ee2ca (webtiles) character file.

Game seed: 13653389930125467197

31 qw the Shooter (level 3, -7/19 (20) HPs)
             Began as a Deep Elf Hunter on June 23, 2023.
             Mangled by Terence
             ... wielding the +7 Throatcutter {drain, coup de grace}
              (17 damage)
             ... on level 2 of the Dungeon.
             The game lasted 00:00:23 (580 turns).

qw the Shooter (Deep Elf Hunter)                     Turns: 580, Time: 00:00:24

HP:   -7/19 (20)    AC:  5    Str: 16    XL:     3   Next: 7%
MP:   5/5           EV: 11    Int: 13    God:
Gold: 57            SH:  0    Dex: 18    Spells: 2/2 levels left

rFire   . . .        Y - +0 shortbow
rCold   . . .        (shield currently unavailable)
rNeg    . . .        f - +0 ring mail
rPois   .            (no helmet)
rElec   .            (no cloak)
rCorr   .            (no gloves)
SInv    .            (no boots)
Will    .....        (no amulet)
Stlth   +            h - +6 ring of strength
HPRegen 0.23/turn    (no ring)
MPRegen 0.09/turn

%: no passive effects
@: drained
A: no striking features
a: no special abilities


You were on level 2 of the Dungeon.
You visited 1 branch of the dungeon, and saw 2 of its levels.

You collected 57 gold pieces.


   Skills:
 - Level 1.5 Fighting
 + Level 6.7 Ranged Weapons
 - Level 2.4 Dodging
 - Level 1.2 Stealth


You had 2 spell levels left.
You didn't know any spells.
Your spell library was empty.

Inventory:

Hand Weapons
 Y - a +0 shortbow (weapon)
Armour
 f - a +0 ring mail (worn)
Jewellery
 h - a +6 ring of strength (left hand)
Potions
 d - a potion of enlightenment {unknown}
 j - a potion of invisibility {unknown}

Dungeon Overview and Level Annotations

Branches:
Dungeon (2/15)

Altars:

Annotations:
D:2 Sigmund, Terence


Message History

Terence shouts!
You climb upwards.
There is a stone staircase leading down here.
Enter note:
Enter note:
Enter note:
Enter note: You start resting.
You feel your willpower return.
HP restored.
Done exploring.
(D) Dungeon
Where to? (* - list waypoints, Enter - D:2, ? - help)
What level of the Dungeon? (default 1, ? - help)
You climb downwards.
Level annotation: Sigmund, Terence A goblin comes into view.
It is wielding a +0 dagger.
There is a stone staircase leading up here.
You shoot an arrow. The goblin shouts! x2
The arrow hits Terence.
Terence is moderately wounded.
You hear a shout! x2
A goblin comes into view. It is wielding a +0 club.
A goblin comes into view. It is wielding a +0 dagger.
A goblin comes into view. It is wielding a +0 club.
You shoot an arrow. The goblin shouts! x2
The arrow hits Terence!
Terence is severely wounded.
You hear a shout! x2
A goblin comes into view. It is wielding a +0 club.
An endoplasm comes into view.
Terence hits you with the +7 Throatcutter {drain, coup de grace}!
You feel drained.
580 ||| STAIRDANCE The goblin shouts!
Terence hits you with the +7 Throatcutter {drain, coup de grace}!
Ouch! That really hurt!
You die...

..... ..? .....
... ...... ....
...... ..... .
....####.....
... ........g.g
>....#..g..g.g.
.......@@@.g.g.
.....###(.....#
... ....... #
.###.#J ## .. .


You could see Sigmund, Terence, an endoplasm and 7 goblins.

Vanquished Creatures
  3 endoplasms (D:1)
  2 giant cockroaches (D:1)
  5 goblins (D:1)
  2 hobgoblins (D:1)
  6 kobolds
  2 ball pythons (D:1)
  3 bats (D:1)
  2 frilled lizards (D:1)
  6 rats (D:1)
31 creatures vanquished.

Notes
Turn   | Place    | Note
-------+----------+-------------------------------------------
     0 | D:1      | qw the Deep Elf Hunter began the quest for the Orb.
     0 | D:1      | Reached XP level 1. HP: 12/12 MP: 3/3
     0 | D:1      | 0 ||| qw: Version: 0.3-a-9-g12657ce
     0 | D:1      | 0 ||| qw: Game counter: 3851
     0 | D:1      | 0 ||| qw: Always use a shield: true
     0 | D:1      | 0 ||| qw: God list: Okawaru
     0 | D:1      | 0 ||| qw: Allow faded altars: false
     0 | D:1      | 0 ||| qw: Do Orc after D:15 true
     0 | D:1      | 0 ||| qw: Do second Lair branch before Depths: true
     0 | D:1      | 0 ||| qw: Lair rune preference: random
     0 | D:1      | 0 ||| qw: Plans: Normal
     0 | D:1      | 0 ||| PLANNING D:1-11
   109 | D:1      | Reached XP level 2. HP: 16/16 MP: 4/4
   113 | D:1      | Reached skill level 6 in Ranged Weapons
   377 | D:1      | Reached XP level 3. HP: 20/20 MP: 5/5
   507 | D:1      | 507 ||| UPGRADING to +0 ring mail.
   517 | D:1      | 517 ||| DROPPING +0 leather armour.
   518 | D:1      | 518 ||| UPGRADING to +6 ring of strength.
   519 | D:1      | 519 ||| READING scroll labelled GAOCYHANNU.
   524 | D:1      | 524 ||| READING scroll labelled GOT HEIPNAT.
   525 | D:1      | 525 ||| READING scroll labelled JOPOAV ACUM.
   526 | D:1      | 526 ||| DROPPING scroll of butterflies.
   541 | D:2      | Noticed Sigmund
   547 | D:2      | Noticed Terence
   548 | D:2      | 548 ||| STAIRDANCE
   580 | D:2      | 580 ||| STAIRDANCE
   580 | D:2      | Mangled by Terence

Levels and vault maps discovered:
D:1:      onia_arrival_handbag, layout_basic
D:2:      layout_rooms, nicolae_ecumenical_snake_handling, uniq_robin,
          uniq_terence, uniq_sigmund

Skill      XL: |  1  2 |
---------------+-------+-----
Ranged Weapons | 6 |  6.7
Fighting       | |  1.5
Dodging        | |  2.4
Stealth        | |  1.2

Action                     || total
---------------------------++-------
   Fire: Shortbow          ||    93
    Use: Scroll            ||     3
 Armour: Leather armour    ||     5
  Dodge: Dodged            ||    17

Table legend:
 A = Non-vault XP
 B = Vault XP
 C = Vault XP percentage of total XP
 D = Non-vault monster count
 E = Vault monster count
 F = Vault count percentage of total count
                 A         B        C        D         E       F
            +---------+---------+-------+---------+---------+-------
      Total |      40 |       5 |  11.1 |      27 |       4 |  12.9
            +---------+---------+-------+---------+---------+-------
        D:1 |      39 |       5 |  11.4 |      26 |       4 |  13.3
        D:2 |       1 |       0 |   0.0 |       1 |       0 |   0.0
            +---------+---------+-------+---------+---------+-------
